 Dungeon Crawl Stone Soup version 0.22-a0-423-g4197694 (webtiles) character file.

266 incide the Sneak (level 6, -6/50 HPs)
             Began as a Gnoll Wanderer on May 23, 2018.
             Mangled by an ogre
             ... wielding a +0 giant club
              (13 damage)
             ... on level 4 of the Dungeon.
             The game lasted 00:05:27 (1203 turns).

incide the Sneak (Gnoll Wanderer)                   Turns: 1203, Time: 00:05:28

Health: -6/50      AC:  8    Str: 14    XL:     6   Next: 20%
Magic:  8/8        EV: 10    Int: 17    God:
Gold:   133        SH:  0    Dex: 14    Spells: 8/8 levels left

rFire    . . .     SeeInvis .   v - +1 dagger (speed)
rCold    . . .     Gourm    .   (no shield)
rNeg     . . .     Faith    .   a - +2 scale mail
rPois    .         Spirit   .   (no helmet)
rElec    .         Reflect  .   (no cloak)
rCorr    .         Harm     .   (no gloves)
MR       .....                  (no boots)
Stlth    ++........             (no amulet)
HPRegen  0.16/turn              (no ring)
MPRegen  0.11/turn              (no ring)

@: no status effects
A: distributed training, fangs 1, strong nose
a: no special abilities


You were on level 4 of the Dungeon.
You were not hungry.

You visited 1 branch of the dungeon, and saw 4 of its levels.

You collected 133 gold pieces.

Inventory:

Hand Weapons
 b - a +0 quarterstaff
 d - a +0 dagger
 s - a +0 war axe
 v - a +1 dagger of speed (weapon)
Missiles
 x - 4 javelins of returning (quivered)
Armour
 a - a +2 scale mail (worn)
 p - a +0 plate armour
Jewellery
 y - an uncursed ring of fire {unknown}
Wands
 c - a wand of random effects (15)
 t - a wand of polymorph (11)
Scrolls
 e - 7 scrolls of identify {unknown}
 g - a scroll of random uselessness {unknown}
 h - a scroll of magic mapping
 i - 2 scrolls of remove curse
 l - a scroll of fog {unknown}
 m - a scroll of blinking {unknown}
 r - a scroll of teleportation {unknown}
 u - a scroll of enchant weapon {unknown}
Potions
 j - a potion of lignification {unknown}
 k - a potion of magic {unknown}
 n - 2 potions of might {unknown}
 o - 2 potions of brilliance {unknown}
 q - a potion of berserk rage {unknown}
 w - a potion of invisibility {unknown}
Comestibles
 f - 5 rations
 z - 7 chunks of flesh {@w1}


   Skills:
 + Level 4.9 Fighting
 + Level 1.8 Short Blades
 + Level 1.8 Long Blades
 + Level 1.8 Axes
 + Level 3.1 Maces & Flails
 + Level 1.8 Polearms
 + Level 3.1 Staves
 + Level 1.8 Slings
 + Level 1.8 Bows
 + Level 1.8 Crossbows
 + Level 3.1 Throwing
 + Level 3.1 Armour
 + Level 1.8 Dodging
 + Level 6.2 Stealth
 + Level 1.8 Shields
 + Level 1.8 Unarmed Combat
 + Level 1.8 Spellcasting
 + Level 1.4 Conjurations
 + Level 1.4 Hexes
 + Level 1.4 Charms
 + Level 1.4 Summonings
 + Level 1.4 Necromancy
 + Level 1.4 Translocations
 + Level 1.4 Transmutations
 + Level 1.4 Fire Magic
 + Level 1.4 Ice Magic
 + Level 1.4 Air Magic
 + Level 1.4 Earth Magic
 + Level 1.4 Poison Magic
 + Level 2.0 Invocations
 + Level 3.1 Evocations


You had 8 spell levels left.
You didn't know any spells.
Your spell library was empty.

Dungeon Overview and Level Annotations

Branches:
Dungeon (4/15)
 Temple: D:4-7

Altars:
Ru

Annotations:
D:4 Torious's ghost, amateur DECj


Innate Abilities, Weirdness & Mutations

Your experience applies equally to all skills.
You have very sharp teeth.
Your uncanny sense of smell can sniff out nearby items.


Message History

Torious's ghost turns its malevolent gaze towards you.
Torious's ghost points at you and mumbles some strange words.
The magic dart hits you!
* * * LOW HITPOINT WARNING * * *
An ogre comes into view. It is wielding a giant club.
The ogre shouts!
Found an escape hatch in the floor.
You hit the ogre.
The ogre is lightly wounded.
The ogre hits you with a giant club!
* * * LOW HITPOINT WARNING * * *
Torious's ghost gestures at you while chanting.
The magic dart hits you!
* * * LOW HITPOINT WARNING * * *
As you read the scroll labeled QITENI GAUCWUI, it crumbles to dust.
You feel blessed for a moment.
It was a scroll of remove curse.
As you read the scroll labeled ORISU ZAEF, it crumbles to dust.
You feel aware of your surroundings.
It was a scroll of magic mapping.
The ogre hits you with a giant club!
You die...

## .#
.####################
..........#.........#
.########..W........#
.# ###....O@...# ##
########### *****
*,,,* *,,,* *,,>*
*,,,* *,,,*


You could see an ogre and Torious's ghost.

Vanquished Creatures
  An ogre (D:4)
  A howler monkey (D:4)
  Ijyb (D:3)
  A worker ant (D:4)
  3 adders
  2 oozes
  2 worms
  2 dart slugs
  8 orcs
  2 bats
  A giant cockroach (D:3)
  5 goblins
  3 hobgoblins
  3 jackals (D:3)
  2 quokkas
  2 frilled lizards
  4 kobolds
  6 rats
49 creatures vanquished.

Notes
Turn   | Place    | Note
-------+----------+-------------------------------------------
     0 | D:1      | incide the Gnoll Wanderer began the quest for the Orb.
     0 | D:1      | incide set off with: a +2 scale mail, a +0 quarterstaff, a wand of random effects (15), a +0 dagger, a ration
     0 | D:1      | Reached XP level 1. HP: 20/20 MP: 2/2
   134 | D:1      | Reached XP level 2. HP: 26/26 MP: 3/3
   428 | D:3      | Reached XP level 3. HP: 31/31 MP: 4/4
   433 | D:3      | Reached skill level 6 in Stealth
   506 | D:3      | Found a sacrificial altar of Ru.
   589 | D:3      | Reached skill level 1 in Invocations
   610 | D:3      | Noticed Ijyb
   626 | D:3      | Killed Ijyb
   626 | D:3      | Reached skill level 1 in Short Blades
   626 | D:3      | Reached skill level 1 in Long Blades
   626 | D:3      | Reached skill level 1 in Axes
   626 | D:3      | Reached skill level 1 in Polearms
   626 | D:3      | Reached skill level 1 in Slings
   626 | D:3      | Reached skill level 1 in Bows
   626 | D:3      | Reached skill level 1 in Crossbows
   626 | D:3      | Reached skill level 1 in Dodging
   626 | D:3      | Reached skill level 1 in Shields
   626 | D:3      | Reached skill level 1 in Unarmed Combat
   626 | D:3      | Reached skill level 1 in Spellcasting
   626 | D:3      | Reached XP level 4. HP: 38/38 MP: 4/6
   787 | D:3      | Reached skill level 1 in Conjurations
   787 | D:3      | Reached skill level 1 in Hexes
   787 | D:3      | Reached skill level 1 in Charms
   787 | D:3      | Reached skill level 1 in Summonings
   787 | D:3      | Reached skill level 1 in Necromancy
   787 | D:3      | Reached skill level 1 in Translocations
   787 | D:3      | Reached skill level 1 in Transmutations
   787 | D:3      | Reached skill level 1 in Fire Magic
   787 | D:3      | Reached skill level 1 in Ice Magic
   787 | D:3      | Reached skill level 1 in Air Magic
   787 | D:3      | Reached skill level 1 in Earth Magic
   787 | D:3      | Reached skill level 1 in Poison Magic
  1017 | D:4      | Reached XP level 5. HP: 28/43 MP: 7/7
  1065 | D:4      | Reached skill level 3 in Maces & Flails
  1065 | D:4      | Reached skill level 3 in Staves
  1065 | D:4      | Reached skill level 3 in Throwing
  1065 | D:4      | Reached skill level 3 in Armour
  1065 | D:4      | Reached skill level 3 in Evocations
  1069 | D:4      | Noticed an ogre
  1075 | D:4      | Killed an ogre
  1075 | D:4      | Reached skill level 2 in Invocations
  1075 | D:4      | Reached XP level 6. HP: 29/50 MP: 8/8
  1166 | D:4      | Noticed Torious's ghost (amateur DECj)
  1189 | D:4      | HP: 9/50 [ogre/giant club (9)]
  1198 | D:4      | HP: 6/50 [Torious's ghost/magic dart (4)]
  1203 | D:4      | Mangled by an ogre

Vault maps used:
D:1:      dpeg_arrival_houses_and_road
D:2:      first_ration, wad_floor_pattern_untrapped
D:3:      nicolae_ru_path_of_blood, uniq_ijyb
D:4:      grunt_ministairs_9, minmay_close_crescents

Skill      XL: |  1  2  3  4  5 |
---------------+----------------+-----
Stealth        | 6 |  6.2
Invocations    | 1 2 |  2.0
Short Blades   | 1 |  1.8
Long Blades    | 1 |  1.8
Axes           | 1 |  1.8
Polearms       | 1 |  1.8
Slings         | 1 |  1.8
Bows           | 1 |  1.8
Crossbows      | 1 |  1.8
Dodging        | 1 |  1.8
Shields        | 1 |  1.8
Unarmed Combat | 1 |  1.8
Spellcasting   | 1 |  1.8
Conjurations   | 1 |  1.4
Hexes          | 1 |  1.4
Charms         | 1 |  1.4
Summonings     | 1 |  1.4
Necromancy     | 1 |  1.4
Translocations | 1 |  1.4
Transmutations | 1 |  1.4
Fire Magic     | 1 |  1.4
Ice Magic      | 1 |  1.4
Air Magic      | 1 |  1.4
Earth Magic    | 1 |  1.4
Poison Magic   | 1 |  1.4
Maces & Flails | 3 |  3.1
Staves         | 3 |  3.1
Throwing       | 3 |  3.1
Armour         | 3 |  3.1
Evocations     | 3 |  3.1
Fighting       | |  4.9

Action                   |  1- 3 |  4- 6 || total
-------------------------+-------+-------++-------
Melee: Quarterstaff      |    72 |    39 ||   111
       Bite              |     4 |    13 ||    17
       Dagger            |       |    78 ||    78
       War axe           |       |     6 ||     6
       Punch             |       |     1 ||     1
Throw: Javelin           |       |     2 ||     2
  Use: Scroll            |       |     2 ||     2
 Stab: Sleeping          |     3 |     4 ||     7
       Distracted        |       |     1 ||     1
  Eat: Chunk             |       |     1 ||     1
Armor: Scale mail        |    20 |    39 ||    59
       Skin              |    30 |    15 ||    45
Dodge: Dodged            |    34 |    60 ||    94

Table legend:
 A = Spawn XP
 B = Non-spawn XP
 C = Spawn XP percentage of total XP
 D = Spawn monster count
 E = Non-spawn monster count
 F = Spawn count percentage of total count
 G = Total turns spent on level
                    A         B        C        D         E        F      G
               +---------+---------+-------+---------+---------+-------+---------
         Total |       0 |     380 |   0.0 |       0 |      49 |   0.0 |  1203
               +---------+---------+-------+---------+---------+-------+---------
           D:1 |       0 |      18 |   0.0 |       0 |       9 |   0.0 |   205
           D:2 |       0 |      14 |   0.0 |       0 |       7 |   0.0 |   207
           D:3 |       0 |     118 |   0.0 |       0 |      25 |   0.0 |   557
           D:4 |       0 |     230 |   0.0 |       0 |       8 |   0.0 |   234
               +---------+---------+-------+---------+---------+-------+---------
